 Seeded DCSS version 0.27.1-2-g3b301248ec (webtiles) character file.

Game seed: 14551798346683263451 (custom seed)

5478 babuloseo the Carver (level 11, -1/84 HPs)
             Began as a Human Gladiator on Sept 30, 2021.
             Was an Initiate of Gozag.
             Slain by a warg (9 damage)
             ... on level 1 of the Orcish Mines.
             The game lasted 00:11:55 (9904 turns).

babuloseo the Carver (Human Gladiator)              Turns: 9904, Time: 00:11:55

Health: -1/84      AC: 14    Str: 18    XL:     11   Next: 0%
Magic:  0/11       EV:  7    Int: 11    God:    Gozag
Gold:   413        SH:  0    Dex: 15    Spells: 10/10 levels left

rFire    + . .     SeeInvis .   D - +8 great sword "Xyquaj" {elec, rElec}
rCold    . . .     Faith    .   (shield currently unavailable)
rNeg     . . .     Spirit   +   j - +0 plate armour
rPois    +         Reflect  .   n - +1 helmet {Int+3}
rElec    +         Harm     .   p - +0 cloak
rCorr    .         Rampage  +   u - +0 pair of gloves
Will     .....                  (no boots)
Stlth    ..........             C - amulet of the Burgomaster {Spirit Rampage rPois rF+ Regen+}
HPRegen  1.24/turn              (no ring)
MPRegen  0.12/turn              (no ring)

@: no status effects
A: talons 1, mutation resistance 1
a: Renounce Religion, Potion Petition, Call Merchant, Bribe Branch


You were on level 1 of the Orcish Mines.
You worshipped Gozag.
Gozag was aware of your devotion.
You visited 2 branches of the dungeon, and saw 10 of its levels.

You collected 1086 gold pieces.
You paid 673 gold pieces to Gozag.

Inventory:

Hand Weapons
 a - a +0 long sword
 f - a +2 dagger of venom
 o - a +2 scimitar of protection
 y - a +0 vorpal great sword
 B - a +3 scimitar of flaming
 D - the +8 great sword "Xyquaj" (weapon) {elec, rElec}
   (You found it on level 9 of the Dungeon)

   It occasionally discharges a powerful burst of electricity upon striking a
   foe.
   rElec:     It insulates you from electricity.
 G - a +0 scimitar of protection
Armour
 b - a +0 leather armour
 c - a +0 helmet
 d - a +3 scale mail of poison resistance
 h - a +0 ring mail
 j - a +0 plate armour (worn)
 n - a +1 helmet of intelligence (worn)
 p - a +0 cloak (worn)
 u - a +0 pair of gloves (worn)
 A - a +0 chain mail
Jewellery
 v - a ring of fire
 C - the amulet of the Burgomaster (around neck) {Spirit Rampage rPois rF+ Regen+}
   (You acquired it on level 7 of the Dungeon)

   [amulet of guardian spirit]

   It causes incoming damage to be divided between your reserves of health and
   magic.
   rF:        It protects you from fire.
   rPois:     It protects you from poison.
   Regen:     It increases your rate of health regeneration.
   Rampage:   It bestows one free step when moving towards enemies.
 E - an amulet of guardian spirit
Wands
 m - a wand of flame (23)
 K - a wand of iceblast (11)
Scrolls
 e - a scroll of noise
 g - a scroll of magic mapping
 i - 5 scrolls of identify
 k - 3 scrolls of enchant armour
 l - a scroll of torment
 q - 2 scrolls of blinking
 z - a scroll of holy word
 F - a scroll of teleportation
 J - a scroll of enchant weapon {unknown}
Potions
 r - a potion of degeneration
 s - 2 potions of curing
 t - 4 potions of attraction
 w - 2 potions of mutation
 x - 2 potions of heal wounds {unknown}
 H - a potion of haste {unknown}
 I - a potion of brilliance


   Skills:
 + Level 7.2 Fighting
 * Level 10.4 Long Blades
 + Level 7.2 Throwing
 + Level 7.6 Dodging


You had 10 spell levels left.
You didn't know any spells.
Your spell library contained the following spells:

 Spells                   Type           Power      Damage    Failure   Level
 Foxfire                  Conj/Fire      0%         2x1d4     100%        1
 Magic Dart               Conj           0%         1d3       100%        1
 Blink                    Tloc           N/A        N/A       100%        2
 Call Imp                 Summ           0%         N/A       100%        2
 Searing Ray              Conj           0%         3d3       100%        2
 Conjure Flame            Conj/Fire      0%         6-21      100%        3
 Dazzling Flash           Conj/Hex       0%         N/A       100%        3
 Inner Flame              Hex/Fire       0%         N/A       100%        3
 Lesser Beckoning         Tloc           0%         N/A       100%        3
 Mephitic Cloud           Conj/Pois/Air  0%         N/A       100%        3
 Fulminant Prism          Conj/Hex       0%         3d6       100%        4
 Agony                    Necr           0%         N/A       100%        5
 Manifold Assault         Tloc           0%         N/A       100%        5
 Silence                  Hex/Air        0%         N/A       100%        5


Dungeon Overview and Level Annotations

Branches:
Dungeon (9/15)               Lair (0/6) D:9             Orc (1/2) D:9
 Temple: D:4-7

Altars:
Ashenzari
Elyvilon
Gozag
Makhleb
Qazlal
Ru
Sif Muna
Wu Jian
Xom
Zin

Shops:
D:9 =


Innate Abilities, Weirdness & Mutations

You have sharp toenails.
You are somewhat resistant to further mutation.


Message History

The orc sorcerer is heavily wounded.
A warg comes into view.
The orc sorcerer gestures wildly while chanting.
The warg howls!
You hit the orc sorcerer but do no damage.
You claw the orc sorcerer, but do no damage.
The orc sorcerer is heavily wounded.
You hear a shout! x2
The orc priest miscasts a cantrip.
The sun demon hits you.
You are engulfed in flames!
You resist.
The orc sorcerer hits you but does no damage.
You hit the orc sorcerer.
Lightning courses through the orc sorcerer!
Your kick misses the orc sorcerer.
The orc sorcerer is severely wounded.
The sun demon hits you!
You are engulfed in flames.
You resist. The orc sorcerer barely misses you.
You riposte.
You slash the orc sorcerer!
The orc sorcerer is almost dead.
An orc priest comes into view. It is wielding a +0 trident.
The sun demon hits you but does no damage.
You barely miss the orc sorcerer. Your kick misses the orc sorcerer.
The orc sorcerer is almost dead.
The orc sorcerer hits you but does no damage.
You writhe in agony!
The warg completely misses you.
You riposte.
You slash the warg! Lightning courses through the warg!
You claw the warg, but do no damage.
The warg is almost dead.
The sun demon hits you!
You are engulfed in flames!
You resist.
You completely miss the orc sorcerer.
The orc sorcerer is almost dead.
The warg closely misses you.
The orc priest looks satisfied for a moment.
The orc sorcerer mumbles some strange words.
The sun demon hits you!
* * * LOW HITPOINT WARNING * * *
You are engulfed in flames.
You resist.
* * * LOW HITPOINT WARNING * * *
The warg bites you!
You die...
Your body crumbles into a pile of gold.

....... .......
.#..... $
##.......
##........
##...^.....
##..<..>..$.
##..3.....#..
#....@ho...$. $
##...o.......
#...4.h.....
.......o..... $
#.#....$.#...o.
# ##.#...##$.#.
##..... ...#
#.#.# .##


You could see a sun demon (summoned), an ice devil (summoned), 2 wargs, an orc
sorcerer and 3 orc priests.

Vanquished Creatures
  Erica (D:8)
  A komodo dragon (D:9)
  2 hornets
  A wyvern (D:8)
  A vampire (D:9)
  8 yaks
  A steam dragon (D:8)
  Edmund (D:6)
  An acid dragon (D:7)
  2 water moccasins (D:7)
  An ice beast (D:7)
  3 orc warriors
  A black bear (D:6)
  2 necrophages
  A centaur (D:9)
  2 phantoms (D:6)
  A kobold brigand (D:9)
  2 bullfrogs
  2 wyvern zombies
  A scorpion (D:6)
  4 killer bees (D:8)
  3 wights (D:8)
  4 centaur zombies
  A bullfrog zombie (D:6)
  A crimson imp (D:9)
  Crazy Yiuf (D:2)
  2 jellies (D:6)
  A hound (D:6)
  3 iguanas
  4 orc wizards
  Robin (D:2)
  2 adders
  A white imp (D:7)
  3 adder skeletons
  A worm (D:3)
  2 dart slugs
  13 orcs
  4 bats
  3 endoplasms
  A giant cockroach (D:1)
  16 goblins
  14 hobgoblins
  3 jackals (D:4)
  8 kobolds
  A quokka (D:2)
  7 ball pythons
  2 frilled lizards (D:1)
  3 rats (D:2)
144 creatures vanquished.

Vanquished Creatures (others)
  5 plants (D:9)
5 creatures vanquished.

Grand Total: 149 creatures vanquished

Notes
Turn   | Place    | Note
-------+----------+-------------------------------------------
     0 | D:1      | babuloseo the Human Gladiator began the quest for the Orb.
     0 | D:1      | Reached XP level 1. HP: 16/16 MP: 1/1
   186 | D:1      | Reached XP level 2. HP: 6/22 MP: 2/2
   989 | D:2      | Found a stormy altar of Qazlal.
   992 | D:2      | Reached XP level 3. HP: 27/27 MP: 3/3
  1217 | D:2      | Identified a scroll of acquirement
  1217 | D:2      | Acquired a +2 scimitar of protection
  1377 | D:2      | Found a runed translucent door.
  1378 | D:2      | Noticed Crazy Yiuf
  1474 | D:2      | Noticed Robin
  1481 | D:2      | Reached XP level 4. HP: 29/34 MP: 4/4
  1486 | D:2      | Killed Robin
  1871 | D:2      | Found Gisot's Antique Weapon Boutique.
  2105 | D:2      | Killed Crazy Yiuf
  2106 | D:2      | Reached skill level 4 in Long Blades
  2106 | D:2      | Reached XP level 5. HP: 25/39 MP: 5/5
  2753 | D:3      | Found a faded altar of an unknown god.
  2806 | D:3      | Became a worshipper of Gozag Ym Sagoz the Greedy
  3073 | D:3      | Found an opulent altar of Gozag.
  3367 | D:4      | Identified the +7 spear of Untimely Demise {antimagic,
                  | rCorr}
  3367 | D:4      | Noticed a necrophage
  3374 | D:4      | Killed a necrophage
  3375 | D:4      | Reached XP level 6. HP: 43/47 MP: 6/6
  3427 | D:4      | Found a glowing silver altar of Zin.
  3517 | D:4      | Found a white marble altar of Elyvilon.
  3993 | D:4      | Found an ornate altar of the Wu Jian Council.
  4344 | D:5      | Entered Level 5 of the Dungeon
  4349 | D:5      | Found a broken altar of Ashenzari.
  4354 | D:6      | Noticed a necrophage
  4365 | D:6      | Killed a necrophage
  4366 | D:6      | Reached skill level 5 in Long Blades
  4373 | D:6      | Reached XP level 7. HP: 13/52 MP: 7/7
  4701 | D:6      | Noticed Edmund
  4742 | D:6      | Killed Edmund
  5139 | D:6      | Noticed a yak
  5139 | D:6      | Noticed a yak
  5139 | D:6      | Noticed a yak
  5160 | D:6      | Killed a yak
  5161 | D:6      | Reached skill level 6 in Long Blades
  5161 | D:6      | Reached XP level 8. HP: 42/60 MP: 8/8
  5177 | D:6      | Killed a yak
  5192 | D:6      | Killed a yak
  5193 | D:6      | Reached skill level 5 in Dodging
  5660 | D:6      | Reached skill level 7 in Long Blades
  6140 | D:6      | Reached skill level 5 in Throwing
  6140 | D:6      | Reached XP level 9. HP: 26/67 MP: 9/9
  6380 | D:7      | Reached skill level 5 in Fighting
  6988 | D:7      | Acquired the amulet of the Burgomaster {Spirit Rampage
                  | rPois rF+ Regen+}
  7020 | D:7      | Reached skill level 8 in Long Blades
  8206 | D:8      | Noticed a hornet
  8208 | D:8      | Paralysed by a hornet for 1 turns
  8215 | D:8      | Killed a hornet
  8216 | D:8      | Reached XP level 10. HP: 54/76 MP: 6/10
  8355 | D:8      | Reached skill level 9 in Long Blades
  8378 | D:8      | Found a shimmering blue altar of Sif Muna.
  8464 | D:8      | Found a sacrificial altar of Ru.
  8869 | D:9      | Noticed Erica
  8872 | D:9      | Gained mutation: You have sharp toenails. [potion of
                  | mutation]
  8872 | D:9      | Gained mutation: You are somewhat resistant to further
                  | mutation. [potion of mutation]
  8885 | D:8      | Killed Erica
  9160 | D:9      | Paralysed by a hornet for 3 turns
  9248 | D:9      | Identified the +8 great sword "Xyquaj" {elec, rElec}
  9277 | D:9      | Found a staircase to the Lair.
  9278 | D:9      | Noticed a komodo dragon
  9294 | D:9      | Killed a komodo dragon
  9295 | D:9      | Reached skill level 10 in Long Blades
  9334 | D:9      | Found a staircase to the Orcish Mines.
  9547 | D:9      | Reached XP level 11. HP: 73/84 MP: 8/11
  9834 | D:9      | Found a burning altar of Makhleb.
  9834 | D:9      | Found a shimmering altar of Xom.
  9898 | Orc:1    | Entered Level 1 of the Orcish Mines
  9898 | Orc:1    | Noticed an orc sorcerer
  9901 | Orc:1    | Noticed a sun demon
  9904 | Orc:1    | Slain by a warg

Illustrated notes

Levels and vault maps discovered:
D:1:      lemuel_arrival_river_bridge, layout_rooms
D:2:      layout_loops_cross, basic_altar, serial_shops, shop,
          minmay_goblin_kobold_house, uniq_crazy_yiuf_cottage, uniq_robin
D:3:      layout_basic, grunt_gozag_breadcrumbs,
          hellmonk_ecumenical_altar_heavens_door
D:4:      layout_loops_ring, zin_treasury, elyvilon_altar_3,
          nzn_wu_jian_contemplation, serial_co_window_serial,
          co_window_corner_a, co_window_corner_a, co_window_of_opportunity_a,
          co_window_corner_a, co_window_paths_a, co_window_corner_b,
          co_window_paths_c, co_window_2corner, co_window_paths_c,
          co_window_of_opportunity_b, co_window_of_opportunity_c,
          co_window_of_opportunity_c, glass_columns_a, glass_columns_c
D:5:      layout_gridville, dancing_weapons_uskayaw, ashenzari_altar_1,
          kennysheep_mini_moat, minmay_temple_entry_statues_fountains,
          serial_shops, nicolae_shop_trees, kennysheep_crisscross,
          minmay_circle_x
D:6:      layout_basic, kennysheep_cross_bottleneck, grunt_ministairs_3,
          uniq_edmund
D:7:      layout_loops_corners
D:8:      layout_basic, nicolae_ru_the_path_less_chosen,
          lemuel_coloured_pillars_altar
D:9:      layout_irregular_city, grunt_temple_overflow_champion_of_chaos,
          david_lair_shrubbed, orc_0_dummy, uniq_erica
Orc:1:    layout_caves, uniq_sonja

Skill      XL: |  1  2  3  4  5  6  7  8  9 10 |
---------------+-------------------------------+-----
Long Blades    | 4 5 6 7 8 10 | 10.4
Fighting       | 3 4 6 7 |  7.2
Throwing       | 3 4 5 6 7 |  7.2
Dodging        | 4 5 6 7 |  7.6

Action                   |  1- 3 |  4- 6 |  7- 9 | 10-12 || total
-------------------------+-------+-------+-------+-------++-------
Melee: Long sword        |    25 |    26 |       |       ||    51
       Dagger            |    58 |       |       |       ||    58
       Scimitar          |       |    91 |   195 |       ||   286
       Great sword       |       |       |    68 |    96 ||   164
       Kick              |       |       |       |    20 ||    20
Throw: Throwing net      |       |     2 |     2 |       ||     4
Invok: Call Merchant     |       |       |       |     1 ||     1
  Use: Scroll            |     1 |       |    11 |       ||    12
       Potion            |       |       |     3 |     4 ||     7
 Stab: Sleeping          |     1 |       |       |       ||     1
       Held in net/web   |       |     1 |     3 |       ||     4
       Distracted        |       |       |     1 |       ||     1
Armor: Leather armour    |     8 |       |       |       ||     8
       Ring mail         |    14 |    46 |       |       ||    60
       Chain mail        |       |       |    16 |       ||    16
       Scale mail        |       |       |    62 |       ||    62
       Plate armour      |       |       |   103 |    96 ||   199
Dodge: Dodged            |    52 |    60 |   156 |    37 ||   305
       Rpst.: Long sword |     6 |     1 |       |       ||     7
       Scimitar          |       |    15 |    31 |       ||    46
       Great sword       |       |       |    10 |     7 ||    17
